 Dungeon Crawl Stone Soup version 0.21.1-1-g345015f (webtiles) character file.

980 spiff the Slinger (level 8, 54/54 HPs)
             Began as a Halfling Hunter on June 30, 2018.
             Quit the game in a sewer on July 1, 2018.
             The game lasted 00:14:50 (5073 turns).

spiff the Slinger (Halfling Hunter)                 Turns: 5073, Time: 00:14:51

Health: 54/54      AC:  4    Str: 13    XL:     8   Next: 40%
Magic:  8/8        EV: 17    Int:  9    God:
Gold:   172        SH:  0    Dex: 17    Spells: 7/7 levels left

rFire    . . .     SeeInvis +   b - +0 short sword (speed)
rCold    . . .     Gourm    .   (shield restricted)
rNeg     . . .     Faith    .   c - +1 leather armour
rPois    .         Spirit   +   (no helmet)
rElec    .         Reflect  .   g - scarf {Spirit}
rCorr    .         Harm     .   (no gloves)
MR       .....                  (no boots)
Stlth    +++.......             q - amulet of guardian spirit
HPRegen  0.18/turn              n - ring of see invisible
MPRegen  0.11/turn              (no ring)

@: starving
A: small, mutation resistance 1
a: no special abilities


You were in a sewer.
You were starving.

You visited 1 branch of the dungeon, and saw 4 of its levels.
You also visited: Sewer.

You collected 172 gold pieces.

Inventory:

Hand Weapons
 a - a +1 hunting sling
 b - a +0 short sword of speed (weapon)
 h - a +0 blowgun
Missiles
 d - 43 sling bullets
 e - 143 stones (quivered)
 j - 11 poisoned needles
Armour
 c - a +1 leather armour (worn)
 g - a scarf of spirit shield (worn)
Jewellery
 n - a ring of see invisible (left hand)
 q - an amulet of guardian spirit (around neck)
 r - an uncursed ring of ice
Scrolls
 i - a scroll of fear
 o - a scroll of remove curse {unknown}
 p - 2 scrolls of enchant armour
 s - a scroll of blinking {unknown}
 t - 2 scrolls of amnesia
 v - a scroll of teleportation {unknown}
 w - a scroll of magic mapping
Potions
 k - 4 potions of degeneration {unknown}
 l - a potion of mutation {unknown}
 m - 4 potions of flight
 u - a potion of cancellation {unknown}
 x - 3 potions of heal wounds
 z - a potion of curing
Books
 y - a book of the Sky

   Spells                             Type                      Level
   a - Summon Lightning Spire         Summoning/Air                4
   b - Silence                        Hexes/Air                    5
   c - Deflect Missiles               Charms/Air                   6
   d - Conjure Ball Lightning         Conjuration/Air              6
   e - Tornado                        Air                          9
Comestibles
 f - 6 rations


   Skills:
 + Level 4.8 Fighting
 + Level 9.2 Slings
 + Level 4.8 Dodging
 + Level 5.0 Stealth


You had 7 spell levels left.
You didn't know any spells.

Dungeon Overview and Level Annotations

Branches:
Dungeon (4/15)             Temple (0/1) D:4

Altars:
Cheibriados
Elyvilon
Hepliaklqana
Ru
Uskayaw
The Shining One


Innate Abilities, Weirdness & Mutations

You are small and have problems with some larger weapons.
You are somewhat resistant to further mutation.


Message History

You enter the shallow water.
Moving in this stuff is going to be slow.
You enter the shallow water.
Moving in this stuff is going to be slow.
You enter the shallow water.
Moving in this stuff is going to be slow.
You enter the shallow water.
Moving in this stuff is going to be slow.
There is an open door here.
You see here a dagger.
You are starving!
Save game and exit?
Welcome back, spiff the Halfling Hunter.
Press ? for a list of commands and other information.
Save game and exit?
Welcome back, spiff the Halfling Hunter.
Press ? for a list of commands and other information.
Quiver which item? (- for none, * to show all) (? for menu, Esc to quit)
Okay, then.
Are you sure you want to abandon this character and quit the game? (Confirm with "yes".)

............≈≈#≈..#)....§)'.§...#
#≈##≈##≈###.####.###..§..##...###
≈≈≈≈≈≈≈≈≈≈≈...#.≈≈###..)#######
≈≈≈≈≈≈≈≈≈≈≈≈..#.≈≈###'''##
≈≈≈≈≈≈≈≈≈≈≈≈≈.#.≈≈##..§..#
≈≈≈≈≈≈≈≈≈≈≈≈..#.≈≈##.≈≈≈.#
≈≈≈≈≈≈≈≈≈≈≈≈≈.#).≈##.....#
≈≈≈≈≈≈≈≈≈≈≈≈≈.')≈≈###...##
################@## #...# ≈≈≈≈≈≈
≈≈≈≈≈≈≈#...# ##.## ≈≈≈≈≈≈
≈≈≈≈≈≈..≈.≈# #∩# ≈≈≈≈≈≈
≈≈≈≈≈≈≈#.≈≈# ### ######
############


There were no monsters in sight!

Vanquished Creatures
  Grinder (Sewer)
  An ice beast (D:3)
  2 ogres (D:4)
  A big kobold (Sewer)
  A quasit (Sewer)
  An orc priest (D:3)
  A hound (D:3)
  Natasha (thrice) (D:3)
  A big kobold zombie (Sewer)
  A gnoll (D:1)
  6 adders
  5 river rats (D:4)
  2 shadow imps (Sewer)
  An ooze (Sewer)
  An adder skeleton (D:4)
  3 worms
  2 dart slugs
  3 leopard geckos
  6 orcs (D:3)
  2 ball pythons
  3 giant cockroaches
  8 goblins
  6 hobgoblins
  6 jackals (D:1)
  13 bats
  2 frilled lizards
  A giant cockroach zombie (Sewer)
  27 kobolds
  3 kobold zombies (Sewer)
  11 rats
124 creatures vanquished.

Vanquished Creatures (others)
  2 big kobold zombies (Sewer)
  A kobold zombie (Sewer)
3 creatures vanquished.

Grand Total: 127 creatures vanquished

Notes
Turn   | Place    | Note
-------+----------+-------------------------------------------
     0 | D:1      | spiff the Halfling Hunter began the quest for the Orb.
     0 | D:1      | Reached XP level 1. HP: 14/14 MP: 1/1
   143 | D:1      | Reached skill level 6 in Slings
   326 | D:1      | Reached XP level 2. HP: 16/19 MP: 2/2
   717 | D:1      | Reached XP level 3. HP: 23/25 MP: 3/3
  1813 | D:2      | Reached XP level 4. HP: 26/30 MP: 4/4
  1945 | D:2      | Found a glowing golden altar of the Shining One.
  1978 | D:2      | Reached skill level 7 in Slings
  2051 | D:2      | Found a hazy altar of Hepliaklqana.
  2540 | D:3      | Found a hide-covered altar of Uskayaw.
  2547 | D:3      | Reached XP level 5. HP: 36/36 MP: 5/5
  2655 | D:3      | Noticed Natasha
  2674 | D:3      | Killed Natasha
  2879 | D:3      | Noticed Natasha
  2882 | D:3      | Killed Natasha
  2882 | D:3      | Reached XP level 6. HP: 42/42 MP: 6/6
  2905 | D:3      | Found a sacrificial altar of Ru.
  2993 | D:3      | Noticed an ice beast
  3008 | D:3      | Killed an ice beast
  3269 | D:3      | Noticed Natasha
  3276 | D:3      | Killed Natasha
  3566 | D:4      | Noticed an ogre
  3608 | D:4      | Reached skill level 8 in Slings
  3613 | D:4      | Noticed an ogre
  3627 | D:4      | Killed an ogre
  3627 | D:4      | Reached XP level 7. HP: 40/48 MP: 7/7
  3794 | D:4      | Found a snail-covered altar of Cheibriados.
  3798 | D:4      | Found a white marble altar of Elyvilon.
  3899 | D:4      | Found a glowing drain.
  3933 | Sewer    | Entered a sewer
  4224 | Sewer    | Found a burning altar of Makhleb.
  4337 | Sewer    | Reached XP level 8. HP: 47/54 MP: 5/8
  4368 | Sewer    | Noticed Grinder
  4617 | Sewer    | Paralysed by Grinder for 3 turns
  4627 | Sewer    | Killed Grinder
  4627 | Sewer    | Reached skill level 9 in Slings
  4627 | Sewer    | Reached skill level 5 in Stealth
  5073 | Sewer    | Quit the game

Skill      XL: |  1  2  3  4  5  6  7  8 |
---------------+-------------------------+-----
Slings         | 6 7 8 9 |  9.2
Fighting       | 2 3 4 |  4.8
Stealth        | 2 3 4 5 |  5.0
Dodging        | 3 4 |  4.8

Action                   |  1- 3 |  4- 6 |  7- 9 || total
-------------------------+-------+-------+-------++-------
Melee: Short sword       |   104 |    31 |   145 ||   280
       Dagger            |     2 |    62 |       ||    64
 Fire: Hunting sling     |    16 |   138 |   108 ||   262
  Use: Scroll            |       |     5 |       ||     5
       Potion            |       |     1 |     1 ||     2
 Stab: Sleeping          |     2 |     6 |     2 ||    10
  Eat: Chunk             |     3 |     5 |     3 ||    11
Armor: Leather armour    |    31 |    29 |    43 ||   103
Dodge: Dodged            |   101 |   107 |   145 ||   353
